Map: [ESL] Royal Blood

Players

Dark

  • Race: Zerg Zerg
  • Spawn Location: 7:00

Serral - Winner!

  • Race: Zerg Zerg
  • League: Diamond
  • Spawn Location: 1:00

Event: ESL SC2 Masters 2023 Summer (Finals)

VOD

Have the link to the VOD?

Description

Time

  • Played on: June 16, 2023, 12:17 p.m.
  • Length: 10:25

All games in this series

Show
View Real Time Build Order
Export as new Build Order

Dark Zerg 

Build Orders: Hatch First 

Get SALT Encoding   

  12  0:00  Drone  
  13  0:11  Overlord  
  13  0:16  Drone  
  14  0:30  Drone  
  14  0:31  Drone  
  16  0:47  Hatchery  
  15  0:51  Drone  
  15  0:55  Drone  
  17  0:58  Drone  
  18  1:08  Extractor  
  17  1:12  Spawning Pool  
  17  1:16  Drone  
  17  1:19  Drone  
  18  1:27  Drone  
  19  1:38  Drone  
  20  1:54  Drone  
  21  1:59  Queen x2  
  21  2:00  Zergling x2  
  26  2:03  Drone  
  27  2:10  Overlord  
  27  2:11  Drone  
  27  2:13  Metabolic Boost  
  28  2:29  Drone x2  
  30  2:32  Baneling Nest  
  30  2:33  Drone x2  
  31  2:42  Overlord  
  31  2:46  Zergling x2  
  31  2:52  Hatchery  
  31  2:55  Overlord  
  31  2:58  Drone  
  31  3:04  Zergling x2  
  32  3:09  Drone x3  
  32  3:10  Drone  
  36  3:13  Drone  
  36  3:14  Drone  
  36  3:17  Drone  
  39  3:21  Drone x2  
  41  3:28  Queen  
  41  3:33  Drone  
  44  3:37  Evolution Chamber  
  44  3:39  Drone  
  44  3:44  Drone  
  44  3:45  Drone x4  
  49  3:51  Overlord  
  49  3:53  Drone  
  49  3:54  Drone  
  51  3:57  Extractor x2  
  51  3:59  Roach Warren  
  48  4:03  Zerg Ground Armor Level 1  
  48  4:09  Zergling x8  
  52  4:11  Zergling x2  
  53  4:25  Overlord  
  53  4:27  Overlord  
  53  4:31  Overlord  
  53  4:36  Overlord  
  52  4:39  Roach x6  
  64  4:47  Roach  
  64  4:48  Roach, Zergling x6  
  71  4:53  Zergling x6  
  74  5:00  Zergling x6  
  77  5:08  Ravager x4  
  77  5:09  Overlord  
  77  5:10  Zergling x2  
  82  5:16  Overlord  
  82  5:17  Ravager  
  82  5:19  Zergling x6  
  82  5:21  Spine Crawler  
  85  5:24  Ravager  
  85  5:26  Zergling x6  
  85  5:27  Zergling x2  
  90  5:37  Zergling x10  
  90  5:39  Ravager  
  90  5:41  Zergling x4  
  98  5:43  Ravager  
  98  5:48  Zergling x6  
  98  5:49  Zergling x4  
  104  5:57  Overlord  
  104  6:03  Overlord, Zergling x2  
  105  6:10  Overlord  
  105  6:12  Lair  
  105  6:14  Overlord  
  105  6:17  Zergling x8  
  109  6:21  Zergling x4  
  102  6:33  Drone x7  
  104  6:43  Drone x4  
  100  6:51  Zerg Missile Weapons Level 1, Roach  
  100  6:52  Roach x2  
  100  6:53  Roach  
  107  6:55  Roach  
  107  6:56  Drone  
  107  6:58  Roach  
  112  7:04  Roach x2  
  116  7:09  Roach  
  116  7:13  Roach x2  
  122  7:18  Glial Reconstitution  
  122  7:19  Drone, Overseer  
  123  7:23  Drone x2  
  123  7:24  Drone x2  
  123  7:25  Overlord  
  127  7:31  Overlord  
  127  7:36  Overlord  
  127  7:37  Overlord  
  127  7:40  Extractor  
  127  7:43  Overseer  
  125  7:45  Roach x2  
  125  7:46  Overlord  
  129  7:52  Roach x2  
  129  7:53  Roach x2  
  129  7:56  Roach x3  
  143  7:58  Ravager x2  
  143  8:02  Roach x3  
  151  8:09  Roach x3  
  157  8:14  Overlord  
  157  8:17  Overlord  
  155  8:20  Overlord  
  155  8:22  Overlord x2  
  155  8:25  Roach x3  
  156  8:34  Roach x3  
  156  8:39  Roach x6  
  151  8:45  Roach  
  120  8:56  Roach x4  
  115  9:04  Roach x4  
  115  9:09  Roach x2  
  98  9:10  Roach  
  98  9:13  Roach  
  98  9:15  Overseer  
  98  9:16  Roach  
  89  9:19  Roach  
  89  9:21  Roach  
  89  9:23  Roach  
  90  9:25  Roach  
  90  9:30  Roach  
  94  9:31  Roach  
  94  9:35  Roach  
  97  9:38  Drone x2  
  97  9:39  Drone  
  97  9:41  Ravager  
  97  9:42  Drone  
  102  9:51  Roach x2  
  102  9:52  Roach  
  108  9:55  Roach  
  108  10:02  Roach x2  
  108  10:06  Roach  
Show
View Real Time Build Order
Export as new Build Order

Serral Zerg - Winner!

Build Orders: Hatch First 

Get SALT Encoding   

  12  0:00  Drone  
  13  0:07  Drone  
  14  0:14  Extractor  
  14  0:15  Drone  
  15  0:36  Hatchery  
  15  0:41  Extractor  
  15  0:42  Drone  
  15  0:48  Overlord  
  15  1:02  Spawning Pool  
  14  1:06  Drone  
  14  1:09  Drone  
  16  1:13  Drone  
  16  1:17  Drone  
  18  1:27  Extractor  
  18  1:28  Drone  
  19  1:40  Drone  
  19  1:48  Queen  
  19  1:49  Queen, Drone  
  19  1:50  Drone  
  25  1:59  Drone  
  25  2:00  Overlord  
  26  2:10  Drone  
  26  2:11  Drone  
  28  2:21  Drone x2  
  30  2:25  Queen  
  30  2:27  Queen  
  34  2:31  Drone  
  34  2:35  Overlord  
  35  2:42  Drone  
  36  2:46  Overlord  
  36  2:54  Drone  
  36  2:55  Drone  
  36  2:57  Drone  
  36  2:58  Drone x5  
  44  3:05  Lair  
  44  3:06  Drone  
  44  3:07  Drone  
  44  3:11  Evolution Chamber  
  45  3:17  Drone x2  
  47  3:21  Roach Warren  
  47  3:23  Extractor x2  
  44  3:30  Drone x5  
  44  3:32  Drone  
  50  3:35  Extractor  
  50  3:36  Drone  
  50  3:39  Zerg Missile Weapons Level 1  
  50  3:43  Drone x2  
  52  3:52  Overlord  
  52  3:53  Overlord  
  52  4:01  Overlord  
  52  4:03  Glial Reconstitution  
  52  4:04  Overlord  
  52  4:10  Drone  
  52  4:11  Roach x3  
  52  4:12  Roach  
  61  4:17  Roach  
  61  4:18  Roach  
  65  4:26  Overlord  
  67  4:31  Roach  
  67  4:35  Roach x5  
  67  4:38  Overlord  
  77  4:45  Roach  
  80  4:51  Roach  
  80  4:52  Overlord  
  81  5:02  Roach x2  
  85  5:08  Ravager x4  
  85  5:09  Overlord  
  85  5:10  Roach x4  
  85  5:14  Roach  
  99  5:18  Overlord  
  99  5:22  Roach  
  99  5:27  Overlord x2  
  101  5:37  Roach x6  
  101  5:40  Overseer  
  113  5:46  Zerg Missile Weapons Level 2  
  113  5:52  Hatchery  
  112  5:58  Roach x2  
  112  6:02  Roach x2  
  120  6:09  Roach  
  120  6:10  Roach  
  124  6:14  Overlord  
  124  6:15  Roach x2  
  128  6:19  Roach  
  130  6:28  Roach  
  128  6:38  Roach x5  
  138  6:45  Burrow  
  138  6:46  Roach x3  
  140  6:51  Overlord x2  
  140  6:54  Overlord  
  140  6:57  Tunneling Claws  
  140  7:04  Drone x5  
  145  7:13  Overlord  
  145  7:14  Drone x3  
  148  7:16  Overlord  
  148  7:22  Roach  
  150  7:24  Overlord  
  150  7:28  Roach  
  150  7:29  Overlord  
  152  7:30  Pneumatized Carapace  
  152  7:35  Roach  
  154  7:38  Roach  
  154  7:40  Roach x2  
  154  7:43  Overlord  
  160  7:47  Roach x2  
  164  7:52  Roach x9  
  164  7:53  Roach  
  164  7:56  Overlord  
  168  8:00  Roach x2  
  168  8:02  Zerg Ground Armor Level 1  
  172  8:08  Roach x4  
  178  8:16  Roach x4  
  186  8:22  Roach x3  
  186  8:26  Overlord  
  192  8:28  Overlord  
  192  8:35  Roach  
  192  8:41  Roach x5  
  188  8:45  Roach x2  
  172  8:51  Roach x3  
  161  8:57  Roach x3  
  161  8:58  Roach  
  161  9:00  Roach x2  
  146  9:04  Roach x2  
  146  9:08  Roach  
  146  9:09  Roach x2  
  135  9:15  Roach x3  
  129  9:20  Roach x2  
  129  9:24  Roach x3  
  126  9:30  Roach  
  124  9:35  Roach x5  
  124  9:37  Ravager x3  
  137  9:39  Roach  
  137  9:42  Roach x2  
  141  9:49  Roach x3  
  147  9:53  Drone  
  147  9:54  Roach x3  
  147  9:57  Roach  
  152  10:01  Roach x3  
Tags
 
Add a new tag
Caveats
  • Supply blocks, unpowered buildings, or Contaminate may cause inaccurate times.
  • Supply counts are checked every 10 seconds.